 Dungeon Crawl Stone Soup version 0.22-a0-469-gf26638a (webtiles) character file.

3943 Ijustatesigmund the Cleaver (level 10, -6/139 HPs)
             Began as a Minotaur Berserker on June 11, 2018.
             Was an Elder of Trog.
             Mangled by an orc warrior
             ... wielding a +0 dire flail
              (18 damage)
             ... on level 8 of the Dungeon.
             The game lasted 00:19:32 (7711 turns).

Ijustatesigmund the Cleaver (Minotaur Berserker)    Turns: 7711, Time: 00:19:33

Health: -6/139     AC:  8    Str: 27    XL:     10   Next: 1%
Magic:  9/9        EV: 13    Int:  4    God:    Trog [****..]
Gold:   401        SH:  0    Dex: 11    Spells: 9/9 levels left

rFire    . . .     SeeInvis .   A - +0 battleaxe (curse)
rCold    + . .     Gourm    .   (shield currently unavailable)
rNeg     . . .     Faith    .   b - +1 scale mail {rC+}
rPois    +         Spirit   .   (helmet restricted)
rElec    .         Reflect  .   (no cloak)
rCorr    .         Harm     .   (no gloves)
MR       .....                  (no boots)
Stlth    ..........             (no amulet)
HPRegen  0.33/turn              o - ring of poison resistance
MPRegen  0.11/turn              u - -2 ring of dexterity (curse)

@: berserking, very quick
A: retaliatory headbutt, horns 2
a: Berserk, Trog's Hand, Brothers in Arms, Renounce Religion


You were on level 8 of the Dungeon.
You worshipped Trog.
Trog was greatly pleased with you.
You were very hungry.

You visited 1 branch of the dungeon, and saw 8 of its levels.

You collected 401 gold pieces.

Inventory:

Hand Weapons
 a - a +0 war axe
 A - a cursed +0 battleaxe (weapon)
Armour
 b - a +1 scale mail of cold resistance (worn)
Jewellery
 o - a ring of poison resistance (left hand)
 u - a cursed -2 ring of dexterity (right hand)
Wands
 r - a wand of paralysis (11)
 t - a wand of polymorph (8)
 w - a wand of disintegration (5)
 B - a wand of iceblast (9)
Scrolls
 e - 2 scrolls of fear
 h - 2 scrolls of fog
 j - a scroll of identify
 l - 3 scrolls of teleportation
 n - a scroll of enchant weapon
Potions
 d - a potion of brilliance
 f - a potion of lignification
 g - 6 potions of curing
 i - 2 potions of heal wounds
 k - a potion of haste
 m - a potion of magic
 p - a potion of berserk rage
 q - a potion of cancellation
 s - a potion of flight
 x - 2 potions of might
Comestibles
 c - 17 rations
 z - 3 chunks of flesh


   Skills:
 + Level 10.0 Fighting
 + Level 11.8 Axes
 + Level 6.7 Armour
 + Level 6.1 Dodging


You had 9 spell levels left.
You didn't know any spells.
Your spell library was empty.

Dungeon Overview and Level Annotations

Branches:
Dungeon (8/15)             Temple (0/1) D:6
   Lair: D:8-11

Altars:
Nemelex Xobeh


Innate Abilities, Weirdness & Mutations

You reflexively headbutt those who attack you in melee.
You have a pair of horns on your head.


Message History

* * * LOW HITPOINT WARNING * * *
You closely miss the orc warrior. Your headbutt misses the orc warrior.
The orc warrior is moderately wounded.
The orc warrior hits you with a dire flail!
* * * LOW HITPOINT WARNING * * *
You closely miss the orc warrior.
The orc warrior is moderately wounded.
The orc warrior closely misses you. You furiously retaliate!
You headbutt the orc warrior, but do no damage.
You closely miss the orc warrior.
The orc warrior is moderately wounded.
You closely miss the orc warrior. You headbutt the orc warrior!
The orc warrior is severely wounded.
The orc warrior hits you with a dire flail!!
* * * LOW HITPOINT WARNING * * *
Your scale mail prevents you from hitting the orc warrior.
Your headbutt misses the orc warrior.
The orc warrior is severely wounded.
The orc warrior hits you with a dire flail!!
You die...

##......#######.........######..#
######.....)))÷..†....(##...h...
##########..........z......
##.#####.......... ##.#
#.##....... #..# #.##....... #?##
..#####.##. #)# .### .# ##@# #. .
#.o# . # #o## .# #.# #.# ...
...h. ≈.≈≈..≈ h≈≈≈≈≈5≈≈


You could see an orc warrior and an orc.

Vanquished Creatures
  A two-headed ogre (D:8)
  Prince Ribbit (D:8)
  An ice beast (D:5)
  2 orc warriors
  2 sky beasts
  2 phantoms
  2 ogres
  2 wolves (D:8)
  2 bullfrogs
  A gnoll sergeant (D:5)
  2 water moccasin skeletons
  6 killer bees
  4 wights (D:8)
  4 howler monkeys
  An electric eel (D:7)
  2 crimson imps
  A bullfrog zombie (D:5)
  7 hounds
  An orc priest (D:5)
  3 gnoll shamans
  8 orc wizards
  A jelly (D:8)
  A bullfrog skeleton (D:5)
  Terence (D:2)
  An iguana (D:3)
  3 worker ants
  A hound zombie (D:4)
  A hound skeleton (D:5)
  12 gnolls (D:5)
  13 adders
  2 river rats (D:7)
  3 shadow imps
  An ooze (D:2)
  An adder zombie (D:6)
  2 worms (D:2)
  6 leopard geckos
  16 orcs
  4 giant cockroaches
  4 goblins
  16 hobgoblins
  7 jackals
  5 quokkas
  A ball python (D:7)
  8 bats
  8 frilled lizards
  10 kobolds
  A quokka skeleton (D:6)
  A quokka zombie (D:2)
  4 rats
189 creatures vanquished.

Vanquished Creatures (others)
  A plant (D:7)
1 creature vanquished.

Grand Total: 190 creatures vanquished

Notes
Turn   | Place    | Note
-------+----------+-------------------------------------------
     0 | D:1      | Ijustatesigmund the Minotaur Berserker began the quest for the Orb.
     0 | D:1      | Reached XP level 1. HP: 19/19 MP: 0/0
   225 | D:1      | Reached skill level 4 in Axes
   288 | D:1      | Reached XP level 2. HP: 20/27 MP: 1/1
   821 | D:1      | Reached ** piety under Trog
   821 | D:1      | Reached XP level 3. HP: 33/33 MP: 2/2
   976 | D:2      | Noticed Terence
   985 | D:2      | Killed Terence
   985 | D:2      | Reached skill level 5 in Axes
  1114 | D:2      | Reached XP level 4. HP: 40/41 MP: 3/3
  1871 | D:2      | Reached skill level 6 in Axes
  2332 | D:3      | Reached XP level 5. HP: 44/47 MP: 4/4
  2356 | D:3      | Reached skill level 5 in Fighting
  3068 | D:4      | Noticed an ogre
  3084 | D:4      | Killed an ogre
  3084 | D:4      | Reached skill level 7 in Axes
  3084 | D:4      | Reached XP level 6. HP: 57/57 MP: 5/5
  3100 | D:4      | Reached *** piety under Trog
  3328 | D:4      | Reached skill level 8 in Axes
  3574 | D:5      | Entered Level 5 of the Dungeon
  3581 | D:5      | Reached XP level 7. HP: 63/63 MP: 6/6
  3684 | D:5      | Reached skill level 9 in Axes
  4043 | D:5      | Reached XP level 8. HP: 73/73 MP: 7/7
  4190 | D:5      | Reached skill level 10 in Axes
  4322 | D:5      | Found a sparkling altar of Nemelex Xobeh.
  5098 | D:6      | Reached **** piety under Trog
  5144 | D:6      | Found a staircase to the Ecumenical Temple.
  6943 | D:7      | Reached XP level 9. HP: 82/82 MP: 8/8
  7088 | D:8      | Reached skill level 11 in Axes
  7098 | D:8      | Noticed Prince Ribbit
  7370 | D:8      | Noticed a two-headed ogre
  7379 | D:8      | Killed a two-headed ogre
  7379 | D:8      | Reached skill level 5 in Armour
  7379 | D:8      | Reached skill level 5 in Dodging
  7424 | D:8      | Killed Prince Ribbit
  7697 | D:8      | Reached skill level 10 in Fighting
  7697 | D:8      | Reached XP level 10. HP: 62/93 MP: 9/9
  7711 | D:8      | Mangled by an orc warrior

Vault maps used:
D:1:      saegor_arrival_miasma, minmay_pentomino_s2
D:2:      first_ration, grunt_ministairs_7, bh_walls_and_bars, uniq_terence
D:3:      lemuel_statue_altar
D:4:      minmay_small_thing
D:5:      nemelex_lonely_heart_becter
D:6:      minmay_temple_entry_overgrown, kennysheep_doodads
D:7:      serial_bayou, serial_bayou_shore_b, serial_bayou_pond_c,
          serial_bayou_pond_b, serial_bayou_lagoon_a, grunt_ogre_cave
D:8:      erik_lair_island, uniq_prince_ribbit1

Skill      XL: |  1  2  3  4  5  6  7  8  9 |
---------------+----------------------------+-----
Axes           | 4 5 6 7 8 9 10 11 | 11.8
Fighting       | 4 5 6 7 8 10 | 10.0
Armour         | 4 6 |  6.7
Dodging        | 4 6 |  6.1

Action                   |  1- 3 |  4- 6 |  7- 9 | 10-12 || total
-------------------------+-------+-------+-------+-------++-------
Melee: Hand axe          |    82 |   142 |   233 |       ||   457
       Headbutt          |    12 |    32 |    58 |     2 ||   104
       War axe           |       |       |    48 |       ||    48
       Battleaxe         |       |       |    36 |    10 ||    46
Invok: Berserk           |     1 |     3 |     9 |     1 ||    14
       Trog's Hand       |       |       |     4 |       ||     4
Evoke: Wand              |       |       |    15 |       ||    15
  Use: Scroll            |     7 |     5 |    12 |       ||    24
       Potion            |       |       |     2 |       ||     2
  Eat: Chunk             |     2 |     9 |    20 |       ||    31
       Ration            |       |       |     1 |       ||     1
Armor: Animal skin       |    12 |       |       |       ||    12
       Ring mail         |     8 |       |       |       ||     8
       Scale mail        |     5 |    44 |    89 |     1 ||   139
Dodge: Dodged            |    51 |    62 |   160 |     4 ||   277

Table legend:
 A = Spawn XP
 B = Non-spawn XP
 C = Spawn XP percentage of total XP
 D = Spawn monster count
 E = Non-spawn monster count
 F = Spawn count percentage of total count
 G = Total turns spent on level
                    A         B        C        D         E        F      G
               +---------+---------+-------+---------+---------+-------+---------
         Total |       0 |    5634 |   0.0 |       0 |     189 |   0.0 |  7711
               +---------+---------+-------+---------+---------+-------+---------
           D:1 |       0 |      42 |   0.0 |       0 |      26 |   0.0 |   953
           D:2 |       0 |     153 |   0.0 |       0 |      29 |   0.0 |  1359
           D:3 |       0 |      84 |   0.0 |       0 |      15 |   0.0 |   730
           D:4 |       0 |     393 |   0.0 |       0 |      14 |   0.0 |   532
           D:5 |       0 |    1077 |   0.0 |       0 |      40 |   0.0 |  1179
           D:6 |       0 |     296 |   0.0 |       0 |       6 |   0.0 |   481
           D:7 |       0 |     820 |   0.0 |       0 |      23 |   0.0 |  1990
           D:8 |       0 |    2769 |   0.0 |       0 |      36 |   0.0 |   487
               +---------+---------+-------+---------+---------+-------+---------
